 Dungeon Crawl Stone Soup version 0.30.1-4-g462c640d31 (webtiles) character file.

Game seed: 7783692557516574093

260951 Anandil the Warrior (level 19, -1/155 (163) HPs)
             Began as a Demonspawn Fighter on Aug 11, 2023.
             Was the Champion of Ru.
             Killed by the air
             ... invoked by Sojobo
              (24 damage)
             ... while paralysed by an air elemental
             ... on level 3 of the Vaults.
             The game lasted 01:36:53 (46136 turns).

Anandil the Warrior (Demonspawn Fighter)           Turns: 46136, Time: 01:36:54

HP:   -1/155 (163)  AC: 41    Str: 29    XL:     19   Next: 18%
MP:   17/17         EV:  2    Int: 11    God:    Ru [******]
Gold: 3425          SH:  0    Dex: 13    Spells: 18/18 levels left

rFire   + . .        a - +5 trident (freeze)
rCold   + . .        P - +0 kite shield
rNeg    . . .        h - +15 Maxwell's patent armour {-Cast -Tele rElec Will+ rCorr}
rPois   +            c - +2 hat
rElec   +            G - scarf {rC+ rF+}
rCorr   +            l - +2 pair of gloves
SInv    .            A - +2 pair of boots of Nyhourra {Fly Dex+3}
Will    +++..        f - amulet of reflection Stlth
                     y - ring of willpower
HPRegen 0.45/turn    m - ring of Futhuej {Fly rPois Str+5}
MPRegen 0.15/turn

%: no teleportation, no spellcasting, reflection
@: paralysed, mighty, exhausted, flying, lightly drained, unable to read
A: antennae 2, large bone plates 3, clumsy 1, foul stench 2, icemail 2, low MP
1, inability to read after injury 2, no stealth, hated by all, inability to
train dodging, no ice magic, no necromancy magic, no transmutations magic,
condensation shield
}: 2/15 runes: decaying, gossamer
a: Renounce Religion, Draw Out Power, Power Leap, Apocalypse


You were on level 3 of the Vaults.
You worshipped Ru.
Ru was exalted by your worship.
You visited 7 branches of the dungeon, and saw 34 of its levels.
You also visited: Bailey and Volcano.

You collected 4679 gold pieces.
You spent 1254 gold pieces at shops.

Inventory:

Hand Weapons
 a - a +5 trident of freezing (weapon)
Missiles
 q - 5 curare-tipped darts
 Q - 27 poisoned darts
 R - 7 boomerangs (quivered)
Armour
 c - a +2 hat (worn)
 h - the +15 Maxwell's patent armour (worn) {-Cast -Tele rElec Will+ rCorr}
   (You found it on level 1 of the Lair of Beasts)

   rElec:     It insulates you from electricity.
   -Cast:     It prevents spellcasting.
   -Tele:     It prevents most forms of teleportation.
   rCorr:     It protects you from acid and corrosion.
   Will:      It increases your willpower.
 l - a +2 pair of gloves (worn)
 A - the +2 pair of boots of Nyhourra (worn) {Fly Dex+3}
   (You found it on level 4 of the Spider Nest)

   Dex:       It affects your dexterity (+3).
   Fly:       It grants you flight.
 G - a scarf of resistance (worn)
 P - a +0 kite shield (worn)
Jewellery
 f - an amulet of reflection (around neck)
 m - the ring of Futhuej (right hand) {Fly rPois Str+5}
   (You found it on level 12 of the Dungeon)

   [ring of flight]

   Str:       It affects your strength (+5).
   rPois:     It protects you from poison.
   Fly:       It grants you flight.
 y - a ring of willpower (left hand)
 I - a ring of positive energy
 K - a ring of ice
 S - a +5 ring of evasion
 X - a +6 ring of strength
Wands
 b - a wand of mindburst (8)
 E - a wand of polymorph (16)
 N - a wand of iceblast (9)
 O - a wand of digging (15)
Scrolls
 e - a scroll of brand weapon
 i - 15 scrolls of teleportation
 j - 7 scrolls of poison
 k - a scroll of vulnerability
 n - 7 scrolls of enchant weapon
 p - 3 scrolls of fog
 s - 5 scrolls of fear
 u - 3 scrolls of immolation
 v - 6 scrolls of enchant armour
 w - 3 scrolls of blinking
 x - 3 scrolls of silence
 C - 3 scrolls of torment
 D - 4 scrolls of magic mapping
Potions
 d - a potion of flight
 g - 12 potions of curing
 o - 6 potions of invisibility
 t - 2 potions of resistance
 z - 2 potions of lignification
 B - a potion of cancellation
 H - 7 potions of ambrosia
 J - 2 potions of berserk rage
 L - 8 potions of haste
 M - 7 potions of mutation
 T - 6 potions of might
Miscellaneous
 r - a lightning rod (4/4)
 W - a box of beasts


   Skills:
 - Level 18.0 Fighting
 - Level 16.0 Polearms
 - Level 12.0 Throwing
 - Level 15.0 Armour
 - Level 10.0 Shields
 + Level 13.5 Evocations


You had 18 spell levels left.
You didn't know any spells.
Your spell library contained the following spells:

 Spells                   Type           Power      Damage    Failure   Level
 Foxfire                  Conj/Fire      0%         2x1d4     97%         1
 Slow                     Hex            0%         N/A       97%         1
 Blink                    Tloc           0%         N/A       99%         2
 Lesser Beckoning         Tloc           0%         N/A       99%         2
 Momentum Strike          Conj/Tloc      0%         3d8       99%         2
 Static Discharge         Conj/Air       0%         2-2/arc   99%         2
 Confusing Touch          Hex            0%         N/A       100%        3
 Volatile Blastmotes      Fire/Tloc      0%         2d10      100%        3
 Airstrike                Air            0%         2d(0-16)  100%        4
 Cause Fear               Hex            0%         N/A       100%        4
 Fulminant Prism          Conj/Hex       0%         3d5       100%        4
 Iskenderun's Mystic Bla  Conj/Tloc      0%         2d3       100%        4
 Fireball                 Conj/Fire      0%         3d3       100%        5
 Iskenderun's Battlesphe  Conj           0%         2d6       100%        5
 Lee's Rapid Deconstruct  Erth           0%         3d4*      100%        5
 Iron Shot                Conj/Erth      0%         9d1       100%        6
 Plasma Beam              Fire/Air       0%         2x1d11    100%        6
 Starburst                Conj/Fire      0%         6d3       100%        6
 Sublimation of Blood     Necr           Unusable   N/A       N/A         2
 Vampiric Draining        Necr           Unusable   2d6       N/A         3
 Petrify                  Tmut/Erth      Unusable   N/A       N/A         4
 Summon Lightning Spire   Summ/Air       Unusable   N/A       N/A         4
 Irradiate                Conj/Tmut      Unusable   3d11      N/A         5
 Dragon Form              Tmut           Unusable   N/A       N/A         7
 Spellforged Servitor     Conj/Summ      Unusable   N/A       N/A         7
 Dragon's Call            Summ           Unusable   N/A       N/A         9

Dungeon Overview and Level Annotations

Branches:
Dungeon (15/15)            Temple (1/1) D:6            Lair (5/5) D:10
  Swamp (4/4) Lair:2       Spider (4/4) Lair:3        Slime (0/5) Lair:5
    Orc (2/2) D:12            Elf (0/3) Orc:2        Vaults (3/5) D:13
  Crypt (0/3) Vaults:2     Depths (0/4) D:15         Bailey (visited)
Volcano (visited)

Altars:
Ashenzari
Cheibriados
Dithmenos
Gozag
Kikubaaqudgha
Makhleb
Nemelex Xobeh
Okawaru
Qazlal
Ru
Sif Muna
Trog
Uskayaw
Vehumet
Wu Jian
Xom
Lugonu

Shops:
D:6 ?   Orc:2 (:[*   Vaults:2 (   Vaults:3 *

Annotations:
D:7 2 transporters
D:12 3 runed translucent doors, LordWeiramon's ghost, journeyman DrFi
D:13 2 transporters, suzumiya's ghost, journeyman TrFi
Swamp:1 3 runed translucent doors, tal's ghost, journeyman MiFi
Vaults:3 Sojobo


Innate Abilities, Weirdness & Mutations

You have a pair of antennae on your head.
You are completely covered in large bone plates. (SH +8)
You are clumsy. (Dex -2)
You sometimes emit foul miasma when damaged in melee.
A meltable icy envelope protects you from harm. (AC +0)
Your magical capacity is low. (-10% MP)
You sometimes lose the ability to read scrolls when taking damage.
You cannot be stealthy.
You are hated by all.
You cannot train Dodging skill.
You cannot study or cast Ice magic.
You cannot study or cast Necromancy magic.
You cannot study or cast Transmutations magic.
A meltable shield of frost defends you. (SH +0)


Message History

Unknown command.
You barely miss the deep troll.
The deep troll is almost dead.
You block the air elemental's attack. x2
The air elemental hits you but does no damage.
The deep troll bites you but does no damage.
The deep troll claws you but does no damage.
The deep troll barely misses you.
The tengu reaver begins to cast a spell, but is stunned by your conviction!
Sojobo conjures a fierce blast of wind!
The air elemental is knocked back by the gust of wind. x2
You are knocked back by the gust of wind.
You collide with the air elemental!
The air elemental is heavily damaged.
* * * LOW HITPOINT WARNING * * *
Unknown command.
You impale the air elemental!! You freeze the air elemental.
You destroy the air elemental!
The air elemental disappears in a puff of smoke!
Unknown command.
You impale the air elemental!! You freeze the air elemental!
The air elemental is almost destroyed.
The air elemental fires a burst of electricity at you.
The stunning burst hits you but does no damage.
Sojobo strikes a fencing pose.
Unknown command.
You miss the air elemental.
The air elemental is almost destroyed.
The air elemental fires a burst of electricity at you.
The stunning burst hits you but does no damage.
You suddenly lose the ability to move!
The air elemental is stunned by your conviction and fails to attack.
The tengu reaver is no longer blind.
The air elemental fires a burst of electricity at you.
The stunning burst hits you but does no damage.
The air elemental fires a burst of electricity at you.
The stunning burst hits you but does no damage.
Sojobo waves her feathered arms in wide circles.
The air twists around and strikes you!!
You die...

... '...# ...
#...###'########
#...#.[........#
#...#.)........#
#...#..........'
#...#..........'
#...#.)QQ......#
#...'...@E.....#
#...#..........#
#...############
#####...##########
..................
..........)†......
...........†......
#########...##)#######
#.......#...##.#


You could see Sojobo (repels missiles, very poisoned), a tengu reaver and an air
elemental (summoned).

Vanquished Creatures
  Nikola (Spider:2)
  Mlioglotl (Spider:3)
  A shadow dragon (Vaults:2)
  Kirke (D:12)
  A thorn hunter (Swamp:4)
  A tengu reaver (Vaults:3)
  2 vault wardens
  A ghost moth (Spider:4)
  6 emperor scorpions
  5 ironbound preservers
  2 orc warlords
  5 ironbound thunderhulks
  2 broodmothers (Spider:3)
  3 eleionomae
  3 bunyips
  2 spark wasps
  A red draconian (Volcano)
  19 dire elephants
  An ettin (Vaults:2)
  A deep elf death mage (Vaults:3)
  2 fire dragons
  5 shambling mangroves
  6 entropy weavers
  4 vault guards
  Erolcha (D:12)
  A great orb of eyes (Vaults:2)
  Josephine (D:11)
  3 yaktaur captains
  2 catoblepae
  A ghost crab (Swamp:2)
  9 ironbound frosthearts
  2 two-headed ogres
  25 hydras
  Erica (D:8)
  4 radroaches
  9 centaur warriors
  2 boulder beetles
  8 alligators
  A vampire mage (Swamp:2)
  6 death scarabs (Spider:4)
  A spriggan berserker (Swamp:4)
  5 death yaks (Lair:4)
  6 orc high priests (Orc:2)
  A deep elf knight (Orc:2)
  4 goliath frogs
  5 pharaoh ants
  3 sun moths
  An iron troll (D:13)
  3 skysharks (Lair:5)
  The ghost of hawla the Firebug, a novice MeFE of Vehumet (Lair:1)
  A glowing orange brain (shapeshifter) (D:11)
  12 deep trolls
  5 spriggan druids
  A glowing orange brain (Vaults:2)
  10 orb spiders
  12 swamp dragons
  6 bog bodies
  6 ironbound convokers
  2 spectral wolf spiders (Spider:4)
  6 wizards
  Pikel (D:7)
  11 orc knights
  6 steelbarb worms
  5 lindwurms
  A wolf spider zombie (Spider:4)
  A deep elf zephyrmancer (Orc:2)
  3 deep elf pyromancers
  A harpy (Vaults:2)
  A phantasmal warrior (D:13)
  A harpy (shapeshifter) (D:15)
  3 cyclopes
  15 wolf spiders
  3 orc sorcerers
  29 ugly things
  A salamander (D:15)
  3 moths of wrath
  4 will-o-the-wisps
  17 elephants
  4 manticores
  6 black mambas
  Maurice (D:8)
  2 molten gargoyles (Lair:5)
  An eye of devastation (shapeshifter) (D:15)
  4 torpor snails
  A black mamba (shapeshifter) (D:14)
  9 demonic crawlers
  6 vault sentinels
  12 cane toads
  2 gargoyles
  3 spectral redbacks (Spider:4)
  7 komodo dragons
  4 rime drakes
  A freezing wraith (D:15)
  15 yaktaurs
  2 tengu conjurers (D:15)
  A redback zombie (Spider:4)
  A polar bear (Lair:3)
  2 meliai (Spider:4)
  8 trolls
  A spectral tarantella (Spider:4)
  9 tyrant leeches
  14 hornets
  3 spectral culicivoras (Spider:4)
  21 tarantellas
  2 spectral jumping spiders (Spider:4)
  A tarantella zombie (Spider:4)
  23 blink frogs
  21 slime creatures
  4 wyverns
  5 wraiths (D:11)
  32 jumping spiders
  A shadow (D:10)
  35 yaks
  27 culicivoras
  7 spriggans
  A human (shapeshifter) (D:11)
  A hog (D:13)
  3 humans
  7 basilisks
  2 steam dragons (Lair:5)
  23 vampire mosquitoes
  58 redbacks
  12 swamp worms
  4 wargs
  10 water moccasins
  4 acid dragons
  5 hell hounds (Lair:5)
  37 orc warriors
  12 swamp drakes
  2 ice beasts
  9 boggarts (Vaults:2)
  6 ogres
  4 black bears
  12 centaurs
  2 lemures (D:7)
  16 wolves
  A kobold brigand (D:7)
  2 phantoms
  13 bullfrogs
  3 gnoll sergeants
  3 scorpions
  7 jellies
  23 wights
  3 killer bees (D:9)
  4 electric eels
  3 howler monkeys (D:13)
  5 lava snakes (Lair:5)
  4 hounds
  29 orc priests
  A gnoll bouda (D:10)
  2 sleepcaps (D:6)
  Terence (D:3)
  10 iguanas
  17 orc wizards
  A boggart simulacrum (D:14)
  7 adders
  19 gnolls
  An ufetubus (D:5)
  4 worms
  4 dart slugs
  84 orcs
  10 bats
  9 endoplasms
  3 giant cockroaches
  9 goblins
  9 hobgoblins
  3 jackals (D:1)
  2 quokkas (D:1)
  4 ball pythons
  2 frilled lizards (D:2)
  15 kobolds
  7 rats
  A starspawn tentacle (Spider:3)
1202 creatures vanquished.

Vanquished Creatures (others)
  A tengu reaver (Vaults:3)
  A spark wasp (Spider:1)
  A death scarab (Spider:4)
  An orc high priest (Orc:2)
  A spriggan (Swamp:4)
  A pharaoh ant (Spider:4)
  3 deep trolls
  A bog body (Swamp:3)
  A swamp dragon (Swamp:4)
  An orc knight (Orc:2)
  A wolf spider (Lair:3)
  An ugly thing (D:14)
  Joseph (D:7)
  A demonic crawler (Spider:1)
  A komodo dragon (Lair:2)
  A bloated husk (Swamp:3)
  A meliai (Spider:4)
  A hornet (Swamp:4)
  2 tarantellas
  A jumping spider (Vaults:1)
  A yak (Lair:4)
  2 redbacks (Spider:2)
  A vampire mosquito (Swamp:3)
  2 swamp worms
  A centaur (D:15)
  14 foxfires
  3 starspawn tentacles (Spider:3)
47 creatures vanquished.

Grand Total: 1249 creatures vanquished

Notes
Turn   | Place    | Note
-------+----------+-------------------------------------------
     0 | D:1      | Anandil the Demonspawn Fighter began the quest for the Orb.
     0 | D:1      | Reached XP level 1. HP: 18/18 MP: 1/1
    94 | D:1      | Gained mutation: You may rarely emit foul miasma when
                  | damaged in melee. [demonic ancestry]
    94 | D:1      | Reached XP level 2. HP: 21/24 MP: 2/2
   416 | D:1      | Reached XP level 3. HP: 29/29 MP: 3/3
  1113 | D:2      | Gained mutation: A meltable shield of frost defends you.
                  | (SH +0) [demonic ancestry]
  1113 | D:2      | Reached XP level 4. HP: 22/35 MP: 2/4
  1966 | D:3      | Found an ornate altar of the Wu Jian Council.
  1977 | D:3      | Found a hazy altar of Hepliaklqana.
  2128 | D:3      | Noticed Terence
  2151 | D:3      | Killed Terence
  2152 | D:3      | Gained mutation: You are partially covered in large bone
                  | plates. (SH +4) [demonic ancestry]
  2152 | D:3      | Reached XP level 5. HP: 25/42 MP: 2/5
  2536 | D:4      | Found a basalt altar of Yredelemnul.
  2553 | D:4      | Reached skill level 4 in Fighting
  2565 | D:4      | Reached XP level 6. HP: 18/48 MP: 2/6
  3321 | D:4      | Found a burning altar of Makhleb.
  3402 | D:5      | Entered Level 5 of the Dungeon
  3808 | D:4      | Reached XP level 7. HP: 55/55 MP: 7/7
  4092 | D:5      | Found a sacrificial altar of Ru.
  4097 | D:5      | Became a worshipper of Ru the Awakened
  4138 | D:5      | Reached skill level 5 in Fighting
  4495 | D:5      | Reached skill level 5 in Armour
  4646 | D:5      | Reached skill level 5 in Shields
  4646 | D:5      | Gained mutation: You are mostly covered in large bone
                  | plates. (SH +6) [demonic ancestry]
  4646 | D:5      | Reached XP level 8. HP: 46/63 MP: 8/8
  4962 | D:5      | Found a faded altar of an unknown god.
  4962 | D:5      | Found a bloodstained altar of Trog.
  4970 | D:5      | Found a faded altar of an unknown god.
  4972 | D:5      | Found a hide-covered altar of Uskayaw.
  4974 | D:5      | Found a blossoming altar of Fedhas.
  5101 | D:6      | Reached skill level 6 in Fighting
  5101 | D:6      | Reached skill level 5 in Polearms
  5288 | D:6      | Found Ilakis's Magic Scroll Shoppe.
  5459 | D:6      | Found a staircase to the Ecumenical Temple.
  5479 | Temple   | Entered the Ecumenical Temple
  5810 | D:6      | Gained mutation: You cannot study or cast Ice magic. [Ru
                  | sacrifice]
  5810 | D:6      | Gained mutation: You cannot study or cast Transmutations
                  | magic. [Ru sacrifice]
  5810 | D:6      | Gained mutation: You cannot study or cast Necromancy magic.
                  | [Ru sacrifice]
  5810 | D:6      | Reached * piety under Ru
  6520 | D:7      | Noticed Joseph
  6915 | D:7      | Killed Joseph
  6916 | D:7      | Reached skill level 7 in Fighting
  6916 | D:7      | Reached XP level 9. HP: 51/72 MP: 5/9
  7246 | D:7      | Noticed Pikel
  7263 | D:7      | Killed Pikel
  7346 | D:7      | Found a transporter.
  7351 | D:7      | Noticed a kobold demonologist
  7573 | D:7      | Found a transporter.
  7882 | D:7      | Reached skill level 8 in Fighting
  8195 | D:7      | Found an opulent altar of Gozag.
  8684 | D:8      | Noticed Erica
  8705 | D:8      | Killed Erica
  8706 | D:8      | Reached XP level 10. HP: 38/82 MP: 4/10
  8753 | D:8      | HP: 4/121 [orc priest/divine providence (9)]
  8978 | D:8      | Found a flagged portal.
  8994 | Bailey   | Entered a bailey
  9254 | Bailey   | Noticed an orc knight
  9254 | Bailey   | Noticed an orc knight
  9289 | Bailey   | Killed an orc knight
  9290 | Bailey   | Reached skill level 9 in Fighting
  9449 | Bailey   | Killed an orc knight
  9771 | Bailey   | Identified the +1 pair of gloves of the Constellations
                  | {Contam Harm +Inv rF+ Regen+}
 10193 | D:8      | Noticed Maurice
 10220 | D:8      | Killed Maurice
 10554 | D:8      | Found an ancient bone altar of Kikubaaqudgha.
 10923 | D:8      | Reached skill level 10 in Fighting
 11052 | D:8      | Gained mutation: A meltable icy envelope protects you from
                  | harm. (AC +0) [demonic ancestry]
 11052 | D:8      | Reached XP level 11. HP: 60/90 MP: 8/11
 12177 | D:10     | Entered Level 10 of the Dungeon
 12624 | D:10     | Reached skill level 10 in Armour
 12734 | D:10     | Found a staircase to the Lair.
 12785 | D:10     | Reached skill level 10 in Polearms
 13503 | Lair:1   | Entered Level 1 of the Lair of Beasts
 13503 | Lair:1   | Found the +15 Maxwell's patent armour {-Cast -Tele rElec
                  | Will+ rCorr}
 13596 | Lair:1   | Gained mutation: You cannot be stealthy. [Ru sacrifice]
 13596 | Lair:1   | Reached ** piety under Ru
 14096 | Lair:1   | Found a runed translucent door.
 14097 | Lair:1   | Noticed hawla's ghost (novice MeFE)
 14361 | Lair:1   | Killed hawla's ghost
 14482 | Lair:2   | Reached XP level 12. HP: 97/97 MP: 12/12
 14650 | Lair:2   | Noticed a six-headed hydra
 14673 | Lair:2   | Killed a six-headed hydra
 14864 | Lair:2   | Found a staircase to the Swamp.
 15115 | Lair:2   | Noticed a seven-headed hydra
 15121 | Lair:2   | Killed a seven-headed hydra
 15421 | Lair:2   | Reached skill level 1 in Throwing
 15455 | Lair:2   | Gained mutation: You are hated by all. [Ru sacrifice]
 15455 | Lair:2   | Reached *** piety under Ru
 15681 | Lair:3   | Found a hole to the Spider Nest.
 15688 | Lair:3   | Noticed a five-headed hydra
 15696 | Lair:3   | Killed a five-headed hydra
 16473 | Lair:3   | Gained mutation: You have a pair of small antennae on your
                  | head. [demonic ancestry]
 16473 | Lair:3   | Reached XP level 13. HP: 99/104 MP: 11/13
 17010 | Lair:4   | Reached skill level 11 in Fighting
 17310 | Lair:4   | Gained mutation: You occasionally lose the ability to read
                  | scrolls when taking damage. [Ru sacrifice]
 17310 | Lair:4   | Gained mutation: You sometimes lose the ability to read
                  | scrolls when taking damage. [Ru sacrifice]
 17310 | Lair:4   | Reached **** piety under Ru
 17310 | Lair:4   | Reached ***** piety under Ru
 17324 | Lair:4   | You fall into a shaft and drop 1 floor!
 17324 | Lair:5   | Entered Level 5 of the Lair of Beasts
 18161 | Lair:4   | Reached skill level 5 in Throwing
 18590 | Lair:5   | Found a staircase to the Slime Pits.
 18953 | Lair:5   | Gained mutation: You are clumsy. (Dex -2) [Ru sacrifice]
 18998 | Lair:5   | Reached XP level 14. HP: 114/114 MP: 14/14
 19136 | Lair:5   | Found a large runed translucent door.
 19137 | Lair:5   | Found a large runed translucent door.
 19218 | Lair:5   | Reached skill level 12 in Fighting
 20484 | D:11     | Identified the +9 flail of the Lame Duck {protect, rElec
                  | rF+ rC- Int+2}
 20685 | D:11     | Noticed Josephine
 20694 | D:11     | Killed Josephine
 21273 | D:12     | Gained mutation: Your magical capacity is low. (-10% MP)
                  | [Ru sacrifice]
 21358 | D:12     | Identified the +5 leather armour of the Gastropod {rCorr
                  | Str+7}
 21440 | D:12     | Found a staircase to the Orcish Mines.
 21462 | D:12     | Found a corrupted altar of Lugonu.
 21789 | D:12     | Found a runed translucent gate.
 21790 | D:12     | Found a runed translucent gate.
 21790 | D:12     | Found a runed translucent gate.
 21791 | D:12     | Noticed LordWeiramon's ghost (journeyman DrFi)
 21804 | D:12     | Identified the ring of Futhuej {Fly rPois Str+5}
 22005 | Orc:1    | Entered Level 1 of the Orcish Mines
 22006 | Orc:1    | Noticed Erolcha
 22021 | D:12     | Killed Erolcha
 22485 | Orc:2    | Entered Level 2 of the Orcish Mines
 22569 | Orc:2    | Found a dark tunnel.
 22586 | Volcano  | Entered a volcano
 22836 | Volcano  | Gained mutation: You cannot train Dodging skill. [Ru
                  | sacrifice]
 22836 | Volcano  | Reached ****** piety under Ru
 22850 | Volcano  | Found a bloodstained altar of Trog.
 23359 | Orc:2    | Found a staircase to the Elven Halls.
 24085 | Orc:2    | Noticed an orc warlord
 24088 | Orc:2    | Identified the +9 scimitar "Xileig" {antimagic, rF+ Will+
                  | Stlth+}
 24091 | Orc:2    | Killed an orc warlord
 24093 | Orc:2    | Reached skill level 13 in Fighting
 25605 | Orc:2    | Found Woppuurr's Weapon Boutique.
 25605 | Orc:2    | Found Pyeveck's Assorted Antiques.
 25606 | Orc:2    | Found Opnyxod's Book Boutique.
 25606 | Orc:2    | Found Keachih's Antique Armour Shop.
 25614 | Orc:2    | Gained mutation: You have a pair of antennae on your head.
                  | [demonic ancestry]
 25614 | Orc:2    | Reached XP level 15. HP: 114/124 MP: 13/13
 25633 | Orc:2    | Bought a dazzling plate armour for 588 gold pieces
 25633 | Orc:2    | Identified the +0 plate armour of Watchfulness {+Blink
                  | rPois Str+2} (You bought it in a shop on level 2 of the
                  | Orcish Mines)
 25633 | Orc:2    | Bought a slimy plate armour for 588 gold pieces
 25633 | Orc:2    | Identified the +1 plate armour of Midwinter {rPois Will-
                  | Str+7} (You bought it in a shop on level 2 of the Orcish
                  | Mines)
 25892 | D:13     | Noticed Kirke
 25912 | D:12     | Killed Kirke
 25957 | D:13     | Reached skill level 10 in Shields
 26252 | D:13     | Noticed suzumiya's ghost (journeyman TrFi)
 26389 | D:13     | Found a transporter.
 26390 | D:13     | Found a transporter.
 26680 | D:13     | Found a gate to the Vaults.
 26716 | D:13     | Found a bloodstained altar of Trog.
 27291 | D:14     | Reached skill level 14 in Fighting
 27477 | D:15     | Entered Level 15 of the Dungeon
 28077 | D:15     | Found a staircase to the Depths.
 28873 | Swamp:1  | Entered Level 1 of the Swamp
 29149 | Swamp:1  | Found a runed translucent gate.
 29216 | Swamp:1  | Found a runed translucent gate.
 29217 | Swamp:1  | Found a runed translucent gate.
 29217 | Swamp:1  | Noticed a thorn hunter
 29218 | Swamp:1  | Noticed tal's ghost (journeyman MiFi)
 30358 | Swamp:2  | Reached XP level 16. HP: 75/132 MP: 14/14
 30659 | Swamp:2  | Reached skill level 1 in Evocations
 31007 | Swamp:2  | Reached skill level 15 in Fighting
 32070 | Swamp:4  | Entered Level 4 of the Swamp
 32308 | Swamp:4  | Noticed a thorn hunter
 32324 | Swamp:4  | Reached skill level 10 in Throwing
 32329 | Swamp:4  | Killed a thorn hunter
 32983 | Swamp:4  | Reached skill level 5 in Evocations
 33197 | Swamp:4  | Reached skill level 15 in Armour
 33589 | Swamp:4  | Got a decaying rune of Zot
 33986 | Vaults:1 | Entered Level 1 of the Vaults
 34307 | Vaults:1 | Gained mutation: A meltable icy envelope protects you from
                  | harm. (AC +0) [demonic ancestry]
 34307 | Vaults:1 | Reached XP level 17. HP: 134/142 MP: 15/15
 34350 | Vaults:1 | Reached skill level 16 in Fighting
 35075 | Spider:1 | Entered Level 1 of the Spider Nest
 37392 | Spider:3 | Identified the +0 pair of gloves "Kiugrewk" {rCorr Str+6
                  | Int-3}
 37392 | Spider:3 | Noticed Nikola
 37405 | Spider:2 | Killed Nikola
 37788 | Spider:3 | Reached skill level 17 in Fighting
 38095 | Spider:3 | Noticed Mlioglotl
 38136 | Spider:3 | Killed Mlioglotl
 39315 | Spider:4 | Entered Level 4 of the Spider Nest
 39903 | Spider:3 | Reached skill level 10 in Evocations
 40060 | Spider:4 | Gained mutation: You are completely covered in large bone
                  | plates. (SH +8) [demonic ancestry]
 40060 | Spider:4 | Reached XP level 18. HP: 149/155 MP: 16/16
 40258 | Spider:4 | Found the +9 sword of Power {lifebolt}
 41470 | Spider:4 | Reached skill level 18 in Fighting
 41591 | Spider:4 | Found the +3 hat of Pondering {ponderous, Will+ MP+10
                  | Int+5}
 41605 | Spider:4 | Identified the +2 pair of boots of Nyhourra {Fly Dex+3}
 41631 | Spider:4 | Got a gossamer rune of Zot
 42950 | Vaults:1 | Reached skill level 15 in Polearms
 43293 | Vaults:1 | Identified the +5 scale mail "Dofrantu" {Str+3}
 44073 | Vaults:2 | Found a staircase to the Crypt.
 44374 | Vaults:2 | Found Weduxt's Weapon Emporium.
 45645 | Vaults:3 | Gained mutation: You sometimes emit foul miasma when
                  | damaged in melee. [demonic ancestry]
 45645 | Vaults:3 | Reached XP level 19. HP: 163/163 MP: 17/17
 45883 | Vaults:3 | Found Hucyuz's Assorted Antiques.
 45893 | Vaults:3 | Bought a potion of curing for 78 gold pieces
 46104 | Vaults:3 | Noticed Sojobo
 46122 | Vaults:3 | Paralysed by an air elemental for 1 turns
 46127 | Vaults:3 | Paralysed by an air elemental for 1 turns
 46135 | Vaults:3 | Paralysed by an air elemental for 1 turns
 46136 | Vaults:3 | Killed from afar by Sojobo

Illustrated notes

Levels and vault maps discovered:
D:1:      eino_arrival_cavern_a, layout_basic, minmay_misc_feat_cross,
          minmay_cupped
D:2:      layout_rooms
D:3:      layout_loops_ring, amethyst_overflow_temple_binary, nrook_campfire,
          uniq_terence
D:4:      layout_loops_ring, mainiacjoe_overflow_24_doors,
          mainiacjoe_overflow_alcove_2, kennysheep_nondescript
D:5:      layout_gridville, hangedman_ru_absence,
          chequers_temple_overflow_minitemple
D:6:      layout_loops_cross, minivault_5, chequers_big_river,
          nicolae_inconvenience_store
D:7:      gammafunk_wand_slinger, layout_loops_cross,
          pdpol_temple_overflow_zin_treasury_gozag_greed, minivault_10,
          grunt_decor_junction, minmay_misc_feat_columns, uniq_pikel,
          uniq_joseph
D:8:      layout_gridville, mainiacjoe_overflow_chevrons, enter_bailey_3,
          uniq_erica, uniq_maurice
D:9:      layout_big_octagon, nicolae_overflow_crystal_walls
D:10:     layout_grid_maze, grunt_lair_entry_orc_guard_hut,
          kb_lookout_dungeons_type
D:11:     layout_irregular_city, uniq_josephine
D:12:     layout_small_grid, gammafunk_ghost_hydra_chop, tgw_lugonu_bribe
D:13:     layout_cave_pools, david_vaults_4, gammafunk_ghost_wrathful_warriors,
          uniq_kirke
D:14:     layout_gridville, serial_park_square1 [serial_park_minivault_5x5_7],
          kennysheep_flooded_box
D:15:     hangedman_depths_entry_try_elsewhere_first, layout_layer_cave,
          minivault_24
Temple:   compressed_dpeg_circular_temple
Lair:1:   layout_gridlike, gammafunk_ghost_grave, dreamdust_deal_with_the_devil,
          st_stairs_5
Lair:2:   cheibrodos_lair_river_kwai, layout_hall_layers, swamp_mist,
          grunt_megastairs_4, infiniplex_staircase_pool_2, serial_bayou_shore_b
Lair:3:   layout_roguey, spider_nest_entry_a, gammafunk_lair_bear_cave
Lair:4:   layout_long_grid, grunt_megastairs_2
Lair:5:   cheibrodos_lair_end_hotspot, layout_cave_pods, slime_entry_1,
          nicolae_lair_grove_arrangements
Swamp:1:  layout_falls_marsh, gammafunk_ghost_split,
          evilmike_swamp_ruin_rubble_2
Swamp:2:  layout_basic_swamp, evilmike_swamp_ruin_house_1, swamp_pool1,
          cheibrodos_swamp_pet_leeches, infiniplex_staircase_pool
Swamp:3:  layout_basic_swamp, hangedman_swamp_cone
Swamp:4:  swamp_basic_johnstein, layout_basic_swamp, swamp_pool4
Spider:1: layout_spider_delve, drop_trap
Spider:2: layout_spider_delve
Spider:3: layout_spider_delve, hellmonk_test_site, uniq_mlioglotl, uniq_nikola
Spider:4: floodkiller_spider_rune_tomb
Orc:1:    layout_diamond_mine, rock_pile, uniq_erolcha
Orc:2:    st_orc_pillars, layout_caves, nicolae_volcano_entry_vermiform,
          elf_legates
Vaults:1: v_misc_4, v_alt_pattern_2, nicolae_vaults_turnstiles,
          nicolae_vaults_tetromino_T_1, vaults_standard_mumra_lines,
          nicolae_vaults_offset_grid_hallway_4, v_rooms_2,
          hangedman_vaults_river_flow, nicolae_vaults_prndl,
          nicolae_vaults_angled_halls, layout_vaults_omnibox
Vaults:2: nicolae_vaults_six-pack, v_misc_5, nicolae_vaults_frosty_reception,
          nicolae_vaults_network_periphery, ontoclasm_vaults_spin,
          nicolae_vaults_murderbox, nicolae_vaults_closet_pinwheel_5,
          nicolae_vaults_tetromino_T_2, vaults_room_pool,
          minmay_crypt_entry_nasty_monster, layout_vaults_quadrants,
          serial_shops, nicolae_shop_bloodbath_and_beyond
Vaults:3: ebering_ghost_xom, nicolae_vaults_taking_the_gang_shopping,
          nicolae_vaults_house_2, nicolae_vaults_surprise_closet_hard,
          nicolae_vaults_cornered_office, nicolae_vaults_surprise_closet,
          nicolae_vaults_bisected_inception, nicolae_vaults_house_3,
          grunt_vaults_twisty, vaults_mumra_lcd, nicolae_vaults_more_shelving_1,
          nicolae_vaults_tangram_2, ontoclasm_vaults_misaligned, v_misc_25,
          layout_vaults_big_cross, serial_shops, nicolae_shop_advertising_works
          [nicolae_subvault_shop_adworks], uniq_sojobo

Skill      XL: |  1  2  3  4  5  6  7  8  9 10 11 12 13 14 15 16 17 18 19 |
---------------+----------------------------------------------------------+-----
Polearms       | 2 3 4 6 7 8 12 14 15 16 | 16.0
Armour         | 3 4 5 6 7 9 10 11 12 14 15 | 15.0
Shields        | 3 4 5 6 7 9 10 | 10.0
Fighting       | 4 5 7 8 10 11 13 14 15 17 18 | 18.0
Throwing       | 3 5 7 9 10 12 | 12.0
Evocations     | 6 10 12 13 | 13.5

Action                     |  1- 3 |  4- 6 |  7- 9 | 10-12 | 13-15 | 16-18 | 19-21 || total
---------------------------+-------+-------+-------+-------+-------+-------+-------++-------
  Melee: Trident           |   162 |   258 |   550 |  1036 |  1970 |  2684 |   212 ||  6872
         Unarmed           |       |       |       |       |     2 |       |       ||     2
  Throw: Dart              |       |       |     6 |     5 |       |       |       ||    11
         Boomerang         |       |       |       |     1 |     5 |       |       ||     6
 Invoke: Sacrifice Arcana  |       |       |     1 |       |       |       |       ||     1
         Reject Sacrifices |       |       |       |     1 |       |       |       ||     1
         Sacrifice Stealth |       |       |       |     1 |       |       |       ||     1
         Sacrifice Love    |       |       |       |     1 |       |       |       ||     1
         Sacrifice Purity  |       |       |       |       |     1 |       |       ||     1
         Sacrifice Words   |       |       |       |       |     1 |       |       ||     1
         Power Leap        |       |       |       |       |     2 |     2 |       ||     4
         Sacrifice Essence |       |       |       |       |     1 |       |       ||     1
         Sacrifice Nimblen |       |       |       |       |     1 |       |       ||     1
         Draw Out Power    |       |       |       |       |       |     4 |     1 ||     5
         Apocalypse        |       |       |       |       |       |     2 |       ||     2
  Evoke: Wand              |       |       |     2 |    16 |     2 |       |       ||    20
    Use: Scroll            |     1 |     5 |     2 |     8 |     7 |     6 |       ||    29
         Potion            |       |     3 |     3 |     7 |       |     8 |     4 ||    25
   Stab: Distracted        |       |       |       |     1 |     5 |     6 |       ||    12
         Petrified         |       |       |       |       |    10 |       |       ||    10
         Paralysed         |       |       |       |       |     9 |    10 |       ||    19
         Invisible         |       |       |       |       |     7 |     8 |       ||    15
         Confused          |       |       |       |       |     2 |     1 |       ||     3
 Armour: Scale mail        |   108 |    55 |       |       |       |       |       ||   163
         Chain mail        |       |    37 |   149 |    48 |       |       |       ||   234
         Plate armour      |       |       |       |   360 |   658 |  1117 |    99 ||  2234
         Skin              |       |       |       |    12 |       |       |       ||    12
  Dodge: Dodged            |    58 |    74 |    94 |   154 |   268 |   409 |    24 ||  1081
  Block: Buckler           |    45 |   141 |   319 |   670 |   876 |   562 |       ||  2613
         Reflection        |       |       |       |       |     1 |    27 |     8 ||    36
         Kite shield       |       |       |       |       |       |  1711 |   197 ||  1908
